[Event "FIJ Cannes 2024"]
[Site "Cannes"]
[Date "2024.02.20"]
[Round "3.2"]
[White "Garifullina, Leya"]
[Black "Zeng, Chongsheng"]
[Result "1-0"]
[ECO "B12"]
[WhiteElo "2422"]
[BlackElo "2597"]
[Annotator "RC"]
[PlyCount "81"]
[EventDate "2024.02.20"]
[EventType "swiss"]
[EventCountry "FRA"]
[SourceTitle "playchess.com"]
[Source "ChessBase"]
[SourceQuality "1"]
[TimeControl "40/5400+30:1800+30"]

1. e4 c6 2. d4 d5 3. e5 Bf5 4. Nf3 e6 5. Be2 Nd7 6. O-O h6 7. Nbd2 Ne7 8. Nb3 Qc7 9. a4 g5 10. Bd2 Nc8 11. Ne1 Ncb6 12. Bd3 Bxd3 13. Nxd3 O-O-O 14. Ba5 Be7 15. Nbc5 Rdf8 16. b4 Qb8 17. Nxd7 Kxd7 18. Bxb6 axb6 19. a5 bxa5 20. Rxa5 b6 21. Ra2 f5 22. exf6 Bxf6 23. Qa1 Rc8 24. f4 Ke7 25. c3 Rhf8 26. Raf2 Qc7 27. Qb1 g4 28. Ne5 Rg8 29. f5 g3 30. Re2 gxh2+ 31. Kh1 Bxe5 32. Rxe5 Rcf8 33. Rxe6+ Kd7 34. Rfe1 Rf7 35. f6 Kd8 36. Qa2 Qb7 37. Qa4 Rc7 38. b5 c5 39. dxc5 bxc5 40. b6 Rd7 41. f7 1-0

[Event "FIJ Cannes 2024"]
[Site "Cannes"]
[Date "2024.02.20"]
[Round "3.3"]
[White "Sasikiran, Krishnan"]
[Black "Gatineau, Yovann"]
[Result "1-0"]
[ECO "C11"]
[WhiteElo "2586"]
[BlackElo "2401"]
[Annotator "RC"]
[PlyCount "115"]
[EventDate "2024.02.20"]
[EventType "swiss"]
[EventCountry "FRA"]
[SourceTitle "playchess.com"]
[Source "ChessBase"]
[SourceQuality "1"]
[TimeControl "40/5400+30:1800+30"]

1. e4 e6 2. d4 d5 3. Nc3 Nf6 4. e5 Nfd7 5. f4 c5 6. Nf3 Nc6 7. Be3 Be7 8. Qd2 O-O 9. dxc5 Qa5 10. a3 a6 11. Nd4 Bxc5 12. Nb3 Bxe3 13. Qxe3 Qc7 14. Bd3 Na5 15. Qh3 f5 16. Nxa5 Qxa5 17. Qe3 Nc5 18. b4 Nxd3+ 19. cxd3 d4 20. Qxd4 Rd8 21. Qe3 Qc7 22. Rc1 Qd7 23. Qb6 Qxd3 24. Kf2 Bd7 25. Rhd1 Qc4 26. Ne2 Qb5 27. Qc7 h6 28. Nd4 Qd5 29. Nxf5 Qa2+ 30. Rc2 Qb3 31. Ne3 Rdc8 32. Qxd7 Rxc2+ 33. Nxc2 Qxc2+ 34. Rd2 Qf5 35. g3 Rf8 36. Qxb7 g5 37. Qf3 gxf4 38. gxf4 Qxf4 39. Qxf4 Rxf4+ 40. Ke3 Rh4 41. Rd6 Rh3+ 42. Kd4 Rxa3 43. Rxe6 Kg7 44. Rf6 Ra2 45. h4 a5 46. b5 Ra4+ 47. Kc5 Re4 48. Ra6 Rxe5+ 49. Kc6 Re4 50. b6 Rc4+ 51. Kd5 Rxh4 52. b7 Rb4 53. Kc6 Rc4+ 54. Kd7 Rb4 55. Kc7 h5 56. Rb6 Rc4+ 57. Kd6 Rd4+ 58. Ke5 1-0

[Event "FIJ Cannes 2024"]
[Site "Cannes"]
[Date "2024.02.20"]
[Round "3.4"]
[White "Xiang, Zeyu"]
[Black "Li, Di"]
[Result "1/2-1/2"]
[ECO "D38"]
[WhiteElo "2407"]
[BlackElo "2563"]
[Annotator "TA"]
[PlyCount "92"]
[EventDate "2024.02.20"]
[EventType "swiss"]
[EventCountry "FRA"]
[SourceTitle "playchess.com"]
[Source "ChessBase"]
[SourceQuality "1"]
[TimeControl "40/5400+30:1800+30"]

1. d4 Nf6 2. c4 e6 3. Nf3 d5 4. Nc3 Bb4 5. Bg5 h6 6. Bxf6 Qxf6 7. e3 O-O 8. Rc1 dxc4 9. Bxc4 c5 10. O-O {[%emt 0:00:17] Black must now prevent Ne4.} cxd4 11. Ne4 Qe7 12. Nxd4 Bd7 13. Be2 Nc6 14. a3 Nxd4 15. Qxd4 Ba5 {[%emt 0:00:03][%cal Bb4a5,Ba5d8,Bd8e7][%mdl 32] Prevents Rc7} 16. Qc5 Bd8 17. Qxe7 Bxe7 18. Rc7 {[%emt 0:00:05][%csl LRb7,LRd7] The position is equal.} Rfd8 19. Rxb7 Rab8 20. Rxa7 {[%emt 0:03:37] [#] Threatens to win with Rd1.} Rxb2 21. Bf3 Kf8 22. Rd1 Bc6 {[%emt 0:01:22] ...Rxd1+ would now be deadly.} 23. Rxd8+ Bxd8 {[%emt 0:00:05] A strong pair of Bishops.} 24. g3 Bb6 25. Ra6 Bd5 (25... Bb7 $5 26. Ra4 $8 Bc5 $11) 26. h4 g6 27. Nd2 Rxd2 28. Bxd5 Bxe3 29. fxe3 exd5 $11 {[%emt 0:00:15][%mdl 4096] Endgame. KR-KR} 30. Kf1 d4 31. exd4 Rxd4 32. Ke2 Rg4 33. Kf3 h5 34. Ra7 Rc4 35. a4 Kg7 36. Ra6 Rb4 37. a5 Ra4 38. Ke3 f6 39. Ra7+ Kh6 40. a6 g5 41. hxg5+ fxg5 42. Ra8 h4 43. gxh4 gxh4 44. Kf3 h3 45. Kg3 Ra3+ 46. Kh2 Kg7 {[%emt 0:00:06] An even fight not without its subleties.   Weighted Error Value: White=0.00 (flawless) /Black=0.01 (flawless) .  OK:         	White=17    	Black=25     Best:        	---       	Black=3} 1/2-1/2

[Event "FIJ Cannes 2024"]
[Site "Cannes"]
[Date "2024.02.20"]
[Round "3.5"]
[White "Chapon, Jean-Alexis"]
[Black "Lalande, Jean-Louis"]
[Result "1-0"]
[ECO "D11"]
[WhiteElo "2039"]
[BlackElo "1923"]
[Annotator "NA RC"]
[PlyCount "57"]
[EventDate "2024.02.20"]
[EventType "swiss"]
[EventCountry "FRA"]
[SourceTitle "playchess.com"]
[Source "ChessBase"]
[SourceQuality "1"]
[TimeControl "40/5400+30:1800+30"]

1. d4 d5 2. c4 dxc4 3. Nf3 Nf6 4. g3 c6 5. Bg2 g6 6. Ne5 Be6 7. Na3 Nbd7 8. Naxc4 Nxe5 9. Nxe5 Qb6 10. O-O Rd8 11. e3 Bg7 12. Qc2 O-O 13. b4 a5 14. bxa5 Qxa5 15. Bd2 Qa6 16. Bb4 Rfe8 17. Rfb1 Bf5 18. e4 Bc8 19. Bf1 Qa8 20. Bc4 e6 21. Bc5 Nd7 22. Nxd7 Rxd7 23. e5 Bf8 24. Bb6 Be7 25. Rb3 Qa4 26. Qe2 Bd8 27. Bc5 b6 28. Ra3 b5 29. Rb3 1-0

[Event "FIJ Cannes 2024"]
[Site "Cannes"]
[Date "2024.02.20"]
[Round "3.6"]
[White "Roberts, Tallulah"]
[Black "Bauzon, Romain"]
[Result "0-1"]
[ECO "B22"]
[WhiteElo "1488"]
[BlackElo "1290"]
[Annotator "NA RC"]
[PlyCount "66"]
[EventDate "2024.02.20"]
[EventType "swiss"]
[EventCountry "FRA"]
[SourceTitle "playchess.com"]
[Source "ChessBase"]
[SourceQuality "1"]
[TimeControl "40/5400+30:1800+30"]

1. e4 c5 2. d4 cxd4 3. c3 e5 4. Nf3 Nc6 5. cxd4 exd4 6. Nxd4 Bb4+ 7. Nc3 Qa5 8. Qd3 Nf6 9. Be2 Qe5 10. Nxc6 dxc6 11. f3 Be6 12. O-O Rd8 13. Qc2 O-O 14. Be3 Bc5 15. Bxc5 Qxc5+ 16. Kh1 Rd7 17. Rad1 Rfd8 18. Rxd7 Rxd7 19. Bd3 Qe3 20. Rd1 Qg5 21. Ne2 h5 22. Qd2 Qxd2 23. Rxd2 Bc4 24. Nc1 Ne8 25. e5 Kf8 26. Kg1 Nc7 27. Kf2 Ne6 28. Ke3 Bxd3 29. Nxd3 Ke7 30. h4 g6 31. g4 hxg4 32. fxg4 Rd4 33. Rg2 Rxd3+ 0-1

[Event "FIJ Cannes 2024"]
[Site "Cannes"]
[Date "2024.02.21"]
[Round "4.1"]
[White "Nogerbek, Kazybek"]
[Black "Puranik, Abhimanyu"]
[Result "1/2-1/2"]
[ECO "D38"]
[WhiteElo "2463"]
[BlackElo "2645"]
[Annotator "TA"]
[PlyCount "63"]
[EventDate "2024.02.20"]
[EventType "swiss"]
[EventCountry "FRA"]
[SourceTitle "playchess.com"]
[Source "ChessBase"]
[SourceQuality "1"]
[TimeControl "40/5400+30:1800+30"]

1. d4 Nf6 2. c4 e6 3. Nf3 d5 4. Nc3 Nbd7 5. cxd5 exd5 6. Bg5 Bb4 7. Nd2 c6 8. e3 Nf8 9. Bd3 Ng6 10. O-O $1 O-O 11. f4 h6 12. Bxf6 Qxf6 13. Qh5 Ne7 14. f5 {[%emt 0:00:30][%cal Od2e4] [#] Black must now prevent Nde4!} c5 (14... Qg5 $11 {remains equal.} 15. Qf3 Bd7) 15. Nf3 {[%emt 0:00:30] White is more active.} (15. Nde4 $16 dxe4 16. Nxe4) 15... Bxc3 ({Much worse is} 15... Bxf5 16. Bxf5 Qxf5 17. Qxf5 Nxf5 18. Nxd5 $11) 16. bxc3 Bxf5 17. Ne5 Bg6 18. Nxg6 fxg6 19. Rxf6 gxh5 20. Re6 Rae8 21. Rb1 Nc6 22. Rxe8 Rxe8 23. Rxb7 {[%emt 0:00:30] Threatens to win with Bb5.} cxd4 24. exd4 $11 {[%emt 0:00:30][%mdl 4096] Endgame. Bg6 would now be deadly. KRB-KRN} Re3 25. Bg6 {[%emt 0:00:30] Strongly threatening Rc7.} Rxc3 26. Kf2 h4 {[%emt 0:00:30] The position is equal.} 27. Rc7 {[%emt 0:00:30][%mdl 1024] White has compensation.} Kf8 28. Rf7+ Kg8 29. Rd7 {[%emt 0:00:30] [#] aiming for Rc7.} (29. Rc7 $5 Kf8 $8 30. Rf7+ Kg8 31. Rc7 $11) 29... Kf8 $1 30. Rf7+ Kg8 31. Rc7 {[%emt 0:00:30] White wants to mate with Rc8+.} Kf8 32. Rf7+ {[%emt 0:00:30] Weighted Error Value: White=0.10 (very precise) /Black=0.10 (very precise) .  Mistake:       	White=1     	Black=1      Inaccurate:     	White=1     	Black=1      OK:         	White=12    	Black=5      Best:        	White=1     	Black=7      Strong:       	White=1     	Black=1} 1/2-1/2

[Event "FIJ Cannes 2024"]
[Site "Cannes"]
[Date "2024.02.21"]
[Round "4.2"]
[White "Zhao, Yuanhe"]
[Black "Sasikiran, Krishnan"]
[Result "1-0"]
[ECO "D30"]
[WhiteElo "2449"]
[BlackElo "2586"]
[Annotator "TA"]
[PlyCount "83"]
[EventDate "2024.02.20"]
[EventType "swiss"]
[EventCountry "FRA"]
[SourceTitle "playchess.com"]
[Source "ChessBase"]
[SourceQuality "1"]
[TimeControl "40/5400+30:1800+30"]

1. Nf3 d5 2. e3 c5 3. d4 Nf6 4. dxc5 e6 5. c4 Bxc5 6. a3 O-O 7. b4 Be7 8. Bb2 b6 9. Nbd2 Bb7 10. Be2 a5 11. b5 Nbd7 {[%emt 0:02:02] The position is equal.} 12. O-O Rc8 13. Rc1 Bc5 14. Qa4 Qe7 15. cxd5 Nxd5 16. Nd4 Bxd4 17. Qxd4 e5 18. Qg4 Nc5 (18... N5f6 $11 19. Qf5 h6) 19. Nc4 $40 {[%emt 0:13:55][%mdl 128] White goes for the king. White is more active.} f6 {[%emt 0:05:28] [#]} 20. Rfd1 (20. a4 $1 $16) 20... Rcd8 21. Bf1 Kh8 22. Qh4 Rfe8 23. e4 (23. a4 $5 Nxa4 24. Nxe5 fxe5 25. Qxa4 $14) 23... g5 $1 (23... Nf4 $2 24. Nxe5 Rxd1 25. Rxd1 $18) 24. Qh6 (24. Qg4 Nf4) 24... Nxe4 25. Re1 (25. a4 $1 $14 {might be stronger.}) 25... Nc5 (25... Nf4 $1 $11 {keeps the balance.}) 26. Nxb6 Ne6 {[%emt 0:02:46] [#] A mistake that costs the game.} (26... Nxb6 $16 27. Rxc5 Nd5) 27. Nc4 $1 $18 Qg7 28. Qxg7+ Kxg7 29. Nxa5 Ba8 30. Nc6 Bxc6 (30... Rc8 $142 31. Red1 Bxc6) 31. Rxc6 (31. bxc6 Rb8 $18) 31... Nd4 32. Bxd4 exd4 33. Rxe8 Rxe8 {[%emt 0:00:03][%mdl 4096] Endgame. KRB-KRN} 34. Rd6 Nc3 35. g3 (35. Rxd4 Re1 36. Rd7+ Kf8 $18) 35... Re1 36. Kg2 (36. Rxd4 $2 Ne2+ (36... Nxb5 $2 37. Rd7+ Kh6 38. a4 $18) 37. Kg2 Nxd4 $19) 36... Rb1 37. Rd7+ Kf8 38. Bd3 (38. Rxd4 Nxb5 39. Ra4 h5 $18) 38... Rb2 (38... Rb3 {was called for.} 39. Bc4 (39. Bxh7 Rxb5 40. Rxd4 Ra5 $16) (39. Rxd4 Nxb5 40. Bxb5 Rxb5 $16) 39... Rb1 40. Rxd4 Nxb5) 39. Rxd4 {[%emt 0:00:51] White is clearly winning.} (39. Rxh7 Nd1 $18) 39... Nd1 {[%emt 0:00:04] [#]} 40. Be2 $1 Nc3 (40... Rxe2 41. Rxd1) 41. Bf1 Nxb5 42. Rd8+ {[%emt 0:00:21] Weighted Error Value: White=0.14 (very precise) /Black=0.42.  Loses game:     	---       	Black=1      Mistake:       	White=2     	Black=4      Inaccurate:     	White=1     	---        OK:         	White=16    	Black=7      Best:        	White=1     	Black=2      Strong:       	White=1     	Black=1} 1-0

[Event "FIJ Cannes 2024"]
[Site "Cannes"]
[Date "2024.02.21"]
[Round "4.3"]
[White "Garifullina, Leya"]
[Black "Bharath Subramaniyam H"]
[Result "1/2-1/2"]
[ECO "C60"]
[WhiteElo "2422"]
[BlackElo "2515"]
[Annotator "RC"]
[PlyCount "130"]
[EventDate "2024.02.20"]
[EventType "swiss"]
[EventCountry "FRA"]
[SourceTitle "playchess.com"]
[Source "ChessBase"]
[SourceQuality "1"]
[TimeControl "40/5400+30:1800+30"]

1. e4 e5 2. Nf3 Nc6 3. Bb5 Nge7 4. Nc3 Ng6 5. d4 Nxd4 6. Nxd4 exd4 7. Qxd4 c6 8. Be2 Qb6 9. Qd3 Be7 10. O-O O-O 11. a4 d6 12. a5 Qc7 13. f4 f5 14. Qc4+ Kh8 15. Nd5 Qd7 16. Nxe7 Qxe7 17. Bd3 fxe4 18. Qxe4 Bf5 19. Qxe7 Nxe7 20. Rd1 Rae8 21. Ra4 Bxd3 22. Rxd3 Nf5 23. Bd2 d5 24. b3 Re2 25. Kf1 Rfe8 26. c4 d4 27. c5 h5 28. a6 bxa6 29. Rxa6 Nh4 30. Rxa7 Rxg2 31. Be1 Rxh2 32. Bxh4 Rxh4 33. Rxd4 Re3 34. b4 Rf3+ 35. Kg2 Rfxf4 36. Rxf4 Rxf4 37. Rb7 Kh7 38. Rb6 g6 39. Rxc6 Rxb4 40. Rc8 Rb3 41. c6 Rc3 42. c7 g5 43. Kh2 h4 44. Kg2 g4 45. Kh2 Rc2+ 46. Kg1 Rc1+ 47. Kh2 Rc2+ 48. Kg1 g3 49. Rd8 Rxc7 50. Rd4 Rc1+ 51. Kg2 Rc2+ 52. Kg1 Rh2 53. Rd6 Kg7 54. Ra6 Kf7 55. Rh6 Ke7 56. Rg6 Kf8 57. Rf6+ Ke8 58. Re6+ Kd7 59. Rh6 Ke7 60. Rg6 Kf7 61. Rh6 h3 62. Rh4 Kf6 63. Rg4 Rg2+ 64. Kh1 Kf5 65. Rf4+ Kxf4 1/2-1/2

[Event "FIJ Cannes 2024"]
[Site "Cannes"]
[Date "2024.02.21"]
[Round "4.4"]
[White "Roux, Baptiste"]
[Black "Chen, Qi b"]
[Result "1/2-1/2"]
[ECO "C73"]
[WhiteElo "2331"]
[BlackElo "2467"]
[Annotator "RC"]
[PlyCount "63"]
[EventDate "2024.02.20"]
[EventType "swiss"]
[EventCountry "FRA"]
[SourceTitle "playchess.com"]
[Source "ChessBase"]
[SourceQuality "1"]
[TimeControl "40/5400+30:1800+30"]

1. e4 e5 2. Nf3 Nc6 3. Bb5 a6 4. Ba4 d6 5. Bxc6+ bxc6 6. d4 exd4 7. Qxd4 c5 8. Qd3 Nf6 9. O-O Be7 10. Re1 O-O 11. b3 Re8 12. Bb2 Bb7 13. Nbd2 Bf8 14. Rad1 h6 15. e5 Nd5 16. c4 Nb4 17. Qb1 Qc8 18. h3 Nc6 19. Nf1 a5 20. Ng3 dxe5 21. Nxe5 Nxe5 22. Bxe5 Ra6 23. Qf5 Rae6 24. Bc3 Rxe1+ 25. Rxe1 Rxe1+ 26. Bxe1 Qa8 27. Qg4 a4 28. Bc3 Bc8 29. Qe4 Bb7 30. Qg4 Bc8 31. Qe4 Bb7 32. Qg4 1/2-1/2

[Event "FIJ Cannes 2024"]
[Site "Cannes"]
[Date "2024.02.21"]
[Round "4.5"]
[White "Delaplace, Mathias"]
[Black "Chapon, Jean-Alexis"]
[Result "0-1"]
[ECO "B02"]
[WhiteElo "1975"]
[BlackElo "2039"]
[Annotator "NA RC"]
[PlyCount "76"]
[EventDate "2024.02.20"]
[EventType "swiss"]
[EventCountry "FRA"]
[SourceTitle "playchess.com"]
[Source "ChessBase"]
[SourceQuality "1"]
[TimeControl "40/5400+30:1800+30"]

1. e4 Nf6 2. Nc3 d5 3. exd5 Nxd5 4. Nf3 c6 5. d4 Bg4 6. h3 Bh5 7. Nxd5 cxd5 8. Bb5+ Nc6 9. c3 Bxf3 10. Qxf3 e6 11. O-O Be7 12. Bd3 O-O 13. g3 g6 14. h4 e5 15. dxe5 Nxe5 16. Qe2 Bf6 17. Bf4 Re8 18. Rfe1 Qb6 19. Be3 Nxd3 20. Bxb6 Rxe2 21. Rxe2 axb6 22. Rd1 Ne5 23. Rxd5 Nc6 24. Rb5 Ra6 25. a3 Kf8 26. Rd5 Ra8 27. Rd7 Rb8 28. Re4 h5 29. f4 Be7 30. Kg2 Ke8 31. Rd5 Kf8 32. f5 Rd8 33. c4 Bf6 34. Rxd8+ Nxd8 35. fxg6 fxg6 36. b4 Kf7 37. Kf3 Nc6 38. Re2 Nd4+ 0-1

[Event "FIJ Cannes 2024"]
[Site "Cannes"]
[Date "2024.02.21"]
[Round "4.6"]
[White "Magakelov, Daniel"]
[Black "Roberts, Tallulah"]
[Result "0-1"]
[ECO "C19"]
[WhiteElo "1253"]
[BlackElo "1488"]
[Annotator "NA RC"]
[PlyCount "90"]
[EventDate "2024.02.20"]
[EventType "swiss"]
[EventCountry "FRA"]
[SourceTitle "playchess.com"]
[Source "ChessBase"]
[SourceQuality "1"]
[TimeControl "40/5400+30:1800+30"]

1. e4 e6 2. d4 d5 3. Nc3 Bb4 4. e5 c5 5. a3 Bxc3+ 6. bxc3 Qa5 7. Bd2 Qa4 8. Bd3 c4 9. Be2 Nc6 10. Nf3 Nge7 11. O-O Bd7 12. Qb1 O-O-O 13. Qa2 Rdf8 14. Bf4 h6 15. h4 Nf5 16. g3 Rhg8 17. Nh2 Qa5 18. Qb2 f6 19. exf6 gxf6 20. Bg4 Nxh4 21. Bxh6 Rf7 22. gxh4 Rh7 23. Bf4 e5 24. Kh1 Bxg4 25. Bg3 Bf5 26. Rfe1 Qc7 27. Rg1 Qf7 28. Rae1 e4 29. Qc1 Be6 30. Qf4 Rgh8 31. Ng4 Rxh4+ 32. Bh2 Bxg4 33. Rxg4 Rxh2+ 34. Qxh2 Rxh2+ 35. Kxh2 Qh5+ 36. Kg3 f5 37. Rg8+ Kd7 38. Rg7+ Ne7 39. Rb1 b6 40. Rb5 Qf3+ 41. Kh4 Qxf2+ 42. Kg5 Qg3+ 43. Kf6 Qd6+ 44. Kg5 e3 45. Rh7 Qg6+ 0-1

[Event "FIJ Cannes 2024"]
[Site "Cannes"]
[Date "2024.02.22"]
[Round "5.1"]
[White "Puranik, Abhimanyu"]
[Black "Zhao, Yuanhe"]
[Result "1-0"]
[ECO "C42"]
[WhiteElo "2645"]
[BlackElo "2449"]
[Annotator "TA"]
[PlyCount "87"]
[EventDate "2024.02.20"]
[EventType "swiss"]
[EventCountry "FRA"]
[SourceTitle "playchess.com"]
[Source "ChessBase"]
[SourceQuality "1"]
[TimeControl "40/5400+30:1800+30"]

1. e4 e5 2. Nf3 Nf6 3. Nxe5 d6 4. Nf3 Nxe4 5. d4 d5 6. Bd3 Bd6 7. O-O O-O 8. c4 c6 9. Re1 Bf5 10. Qb3 (10. Nc3 {simplifies} Nxc3 11. bxc3 Bxd3 12. Qxd3 dxc4 13. Qxc4 Qc7 14. Qe2) 10... Na6 11. cxd5 (11. Qxb7 $2 {too greedy.} Nb4 12. c5 Rb8 (12... Nxd3 $2 13. cxd6 Nxd6 14. Qb3 $19) 13. Qxa7 Nxd3 14. cxd6 Nxe1 (14... Nexf2 $2 15. Bg5 $17) 15. Nxe1 Qxd6 $19 (15... Nxd6 $2 16. Nf3 $19)) 11... cxd5 12. Nc3 Nb4 {[%emt 0:13:48] The position is equal.} 13. Bxe4 dxe4 14. Bg5 Qd7 15. Nxe4 Be6 {[%emt 0:00:35] This pair of bishops is nice.} 16. Qa3 {[%emt 0:00:14] Nxd6 is the strong threat.} Rfe8 (16... f6 $11 {remains equal.} 17. Bd2 a5) 17. Rac1 {[%emt 0:09:16] aiming for Ne5.} Bf8 18. Ne5 {[%emt 0:09:31] Black is weak on the dark squares} Qd5 19. Bd2 (19. Qg3 $5 Bf5 $8 20. Qf3 Bxe4 21. Rxe4 $14) 19... Nxa2 20. Qg3 Kh8 $1 21. Rc7 {[%emt 0:00:06] Threatens to win with Ng5.} Re7 $1 22. Rc5 Qxd4 23. Nf3 Qxb2 24. Rh5 (24. Re5 $11 h6 25. Bg5) 24... f6 $1 $17 {[%emt 0:06:26] White must now prevent ...Bf7.} 25. Nh4 (25. Nd6 $1 $11 Qc2 26. Rxe6 Rxe6 27. Nf7+ Kg8 28. Nh6+ Kh8 29. Nf7+ Kg8 30. Nh6+ Kh8 31. Nf7+) 25... Bf7 ({Better is} 25... Kg8 $17 {...Bf7 would now be deadly.} 26. Ng6 hxg6 27. Qxg6 Rd8) 26. Ng6+ $40 {[%emt 0:00:52][%mdl 128] White mounts an attack.} Bxg6 $4 {[%emt 0:00:04][%mdl 8192] This costs Black the game.} (26... Kg8 $14 27. Nxe7+ Bxe7) 27. Qxg6 $18 h6 {[%emt 0:00:03] [#]} 28. Rxh6+ $1 gxh6 {[%emt 0:01:11] [#]} 29. Nxf6 $1 Rxe1+ 30. Bxe1 Qxf6 31. Qxf6+ Bg7 32. Qf7 Nc3 33. Bxc3 Bxc3 34. Qxb7 {[%emt 0:00:05][%mdl 4096] Endgame. KQ-KRB} Rd8 35. g4 (35. Qxa7 $2 Rd1#) 35... Bd4 36. Qc6 Bg7 37. h4 a5 38. g5 hxg5 39. hxg5 Rd4 40. Qc8+ Kh7 41. Qf5+ Kg8 42. Qxa5 (42. g6 $142 Rd8 43. Qxa5 Rb8 44. Qa7 Rc8 45. Qe3 (45. Qf7+ Kh8 $18) 45... Ra8 46. Qc5 Rb8 47. Qc7) 42... Rf4 43. Kg2 Kh7 44. Kg3 {[%emt 0:00:15] Weighted Error Value: White=0.16 (very precise) /Black=0.58.  Loses game:     	---       	Black=1      Mistake:       	White=2     	Black=2      Inaccurate:     	White=3     	Black=1      OK:         	White=7     	Black=7      Best:        	White=1     	---        Strong:       	---       	Black=3} 1-0

[Event "FIJ Cannes 2024"]
[Site "Cannes"]
[Date "2024.02.22"]
[Round "5.2"]
[White "Bharath Subramaniyam H"]
[Black "Roux, Baptiste"]
[Result "1/2-1/2"]
[ECO "D02"]
[WhiteElo "2515"]
[BlackElo "2331"]
[Annotator "TA"]
[PlyCount "136"]
[EventDate "2024.02.20"]
[EventType "swiss"]
[EventCountry "FRA"]
[SourceTitle "playchess.com"]
[Source "ChessBase"]
[SourceQuality "1"]
[TimeControl "40/5400+30:1800+30"]

1. d4 d5 2. Bf4 Nf6 3. e3 e6 4. Nf3 Bd6 5. Ne5 O-O 6. Nd2 c5 7. c3 {[%emt 0:00:22] D02: 1 d4 d5 2 Nf3 sidelines, including 2...Nf6 3 g3 and 2...Nf6 3 Bf4.} Qc7 8. Bd3 Nfd7 9. Ndf3 f6 10. Nxd7 Nxd7 11. Bxd6 Qxd6 12. O-O c4 13. Bc2 b5 14. e4 Bb7 15. Re1 $146 ({Predecessor:} 15. Qe2 dxe4 16. Bxe4 Bxe4 17. Qxe4 Qd5 18. Rfe1 Qxe4 19. Rxe4 Kf7 20. Rae1 Rfe8 21. Nd2 {0-1 Crevatin,L (2319)-Kashtanov,R (2376) Titled Tuesday intern op 06th Dec Early blitz 2022 (7)}) 15... dxe4 16. Bxe4 Bxe4 17. Rxe4 Rfe8 18. Qe2 Qd5 19. Re1 Nf8 20. h4 a5 21. Nd2 Rac8 22. h5 Rc6 23. h6 Ng6 24. Qf3 Kf7 (24... Re7 $14 {is superior.}) 25. hxg7 (25. Qh3 {is interesting.} Qg5 26. d5 Rd6 27. dxe6+ Rdxe6 28. Rxe6 Nf4 29. Qf3) 25... Rg8 26. R4e3 ({Don't take} 26. a4 bxa4 27. R4e3 Qxf3 28. Rxf3 Rb8) ({White should play} 26. Qh3 $16) 26... Qxf3 $1 $11 27. Rxf3 (27. Nxf3 {feels hotter.} Nf4 28. d5 Nxd5 29. Nd4) 27... Kxg7 28. Ne4 Rf8 29. Ng3 Kf7 30. Nh5 Ke7 31. Rfe3 Kd7 32. Ng7 Nf4 33. Re4 Nd3 34. Nxe6 Rxe6 35. Rxe6 Nxe1 36. Rxe1 b4 {[%emt 0:00:40] [#]} 37. Re3 (37. Rc1 $1 $16 {aiming for cxb4.} Rb8 38. cxb4 Rxb4 39. Rc2) 37... Rb8 $11 38. Rh3 {[%emt 0:00:00] [#]} (38. Kf1 $11) 38... bxc3 (38... a4 $1 $17 {[%cal Ra4a3] Threatens to win with ...a3.} 39. cxb4 (39. Rxh7+ Kd6 $11) 39... Rxb4) 39. Rxh7+ Kd6 40. bxc3 Rb1+ $1 41. Kh2 Rc1 42. Rf7 (42. Rh3 $16) 42... Ke6 $11 43. Ra7 Rxc3 44. Rxa5 Rd3 45. Rc5 Rxd4 46. Kg3 Rd3+ 47. f3 Ra3 48. Rxc4 Rxa2 49. Kh3 Kf7 50. g4 Ra3 51. Kg3 Kg6 52. Rc5 Rb3 53. Rd5 Ra3 54. Kf4 Ra1 55. Rd4 Rg1 56. Rd5 Ra1 57. Rd3 Rg1 58. Rb3 Rg2 59. Ke4 Kg5 60. Rb5+ Kg6 61. Rf5 Re2+ 62. Kd5 Re3 63. Kd6 Kg7 64. Kd7 Kg6 65. f4 Rg3 66. Ke6 Re3+ 67. Kd7 Rg3 68. Ke6 Re3+ 1/2-1/2

[Event "FIJ Cannes 2024"]
[Site "Cannes"]
[Date "2024.02.22"]
[Round "5.3"]
[White "Xiang, Zeyu"]
[Black "Can, Isik"]
[Result "1/2-1/2"]
[ECO "E10"]
[WhiteElo "2407"]
[BlackElo "2500"]
[Annotator "TA"]
[PlyCount "71"]
[EventDate "2024.02.20"]
[EventType "swiss"]
[EventCountry "FRA"]
[SourceTitle "playchess.com"]
[Source "ChessBase"]
[SourceQuality "1"]
[TimeControl "40/5400+30:1800+30"]

1. d4 Nf6 2. c4 e6 3. Nf3 c5 4. d5 b5 5. dxe6 fxe6 6. cxb5 a6 7. Nc3 axb5 8. Nxb5 Ba6 {[%emt 0:00:05] White has an edge.} 9. Nc3 d5 10. Bg5 (10. e4 $1 $14) 10... Nc6 {[%emt 0:25:14] [#]} 11. e4 $1 {[%emt 0:12:01] Strongly threatening Bxa6.} Bxf1 12. Kxf1 d4 13. Nb5 Qb6 (13... Be7 $11) 14. a4 ({White should play} 14. Qb3 $16 {[%cal Ob5d6] Hoping for Nd6+!} Nb4 (14... Nxe4 $2 15. Nd6+ Bxd6 16. Qxb6 $18) 15. a4) 14... Be7 $14 15. Bxf6 gxf6 16. g3 f5 (16... O-O $14 {is more appropriate.}) 17. exf5 {[%emt 0:03:47][%cal Of3g5] [#] Threatens to win with Ng5!} O-O 18. Qe2 Nb4 19. Kg2 (19. Qxe6+ Qxe6 20. fxe6 Rxf3 $19) (19. fxe6 $2 {perishes.} Qc6 (19... d3 $2 20. Qe4 $18) 20. Kg2 d3 $19) (19. Qe4 $16) 19... Rxf5 $11 {[%emt 0:00:24] And now ...Raf8 would win.} 20. Nd2 Bg5 (20... Qc6+ $11 21. Kg1 d3 22. Qg4+ Kh8) 21. Nc4 {[%emt 0:13:12] Excellent horsemanship.} Qc6+ 22. f3 Nd5 23. Rhf1 Ne3+ 24. Nxe3 Bxe3 25. b3 c4 26. Qxc4 Qxc4 27. bxc4 Rc5 28. f4 ({Better is} 28. Nd6 $16) 28... Rxc4 $14 29. Kf3 Rcxa4 30. Rxa4 Rxa4 {[%emt 0:00:00][%mdl 4096] Endgame. KRB-KRN} 31. Ke4 Ra2 32. Nxd4 Bxd4 {[%emt 0:00:05] The position is equal.} 33. Kxd4 Rxh2 34. Ra1 Kf7 35. g4 h6 36. Ke4 {[%emt 0:01:18] Weighted Error Value: White=0.20 (precise) /Black=0.21 (precise) .  Mistake:       	White=4     	Black=3      Inaccurate:     	White=4     	Black=2      OK:         	White=3     	Black=12     Best:        	White=2     	Black=4} 1/2-1/2